 Dungeon Crawl Stone Soup version 0.29-a0-541-gaf1fc19f1b (webtiles) character file.

Game seed: 6352662932648753421

3846 CryoSword the Conjurer (level 9, -2/70 HPs)
             Began as a Purple Draconian Conjurer on June 2, 2022.
             Was an Initiate of Ashenzari.
             Slain by a yak (5 damage)
             ... on level 9 of the Dungeon.
             The game lasted 00:20:37 (12127 turns).

CryoSword the Conjurer (Purple Draconian Conjurer) Turns: 12127, Time: 00:20:37

Health: -2/70      AC: 10    Str: 11    XL:     9   Next: 98%
Magic:  1/15       EV: 17    Int: 21    God:    Ashenzari [......]
Gold:   232        SH: 11    Dex: 14    Spells: 9/16 levels left

rFire   . . .      SeeInvis .   L - +7 spear
rCold   . . .      Faith    .   m - +0 buckler
rNeg    + + .      Spirit   .   (body armour unavailable)
rPois   .          Reflect  +   (helmet restricted)
rElec   .          Harm     .   q - +0 cloak
rCorr   .          Rampage  .   g - +1 pair of gloves of the Solstice {rN+}
Will    +....                   (no boots)
Stlth   +++.......              l - amulet "Hemug" {Reflect rN+ Dex+4 SH+5}
HPRegen 0.21/turn               C - ring of wizardry
MPRegen 0.14/turn               E - +4 ring of evasion

@: studying Conjurations
A: breathe power, AC +7, unfitting armour, cold-blooded
a: Breathe Dispelling Energy, Renounce Religion


You were on level 9 of the Dungeon.
You worshipped Ashenzari.
Ashenzari was noncommittal.
You visited 2 branches of the dungeon, and saw 10 of its levels.
You also visited: Sewer.

You collected 538 gold pieces.
You spent 306 gold pieces at shops.

Inventory:

Hand Weapons
 r - a +1 vorpal spear
   (You found it on level 3 of the Dungeon)
 L - a +7 spear (weapon)
   (You took it off a wight on level 9 of the Dungeon)
Missiles
 i - 18 poisoned darts
 v - a curare-tipped dart
 D - 9 boomerangs
Armour
 g - the +1 pair of gloves of the Solstice (worn) {rN+}
   (You acquired it on level 6 of the Dungeon)

   rN:        It protects you from negative energy.
 m - a +0 buckler (worn)
   (You found it on level 3 of the Dungeon)
 q - a +0 cloak (worn)
   (You found it on level 3 of the Dungeon)
Magical Staves
 n - a staff of air
   (You found it on level 3 of the Dungeon)
Jewellery
 l - the amulet "Hemug" (around neck) {Reflect rN+ Dex+4 SH+5}
   (You found it on level 3 of the Dungeon)

   [amulet of reflection]

   It reflects blocked missile attacks.
   Dex:       It affects your dexterity (+4).
   rN:        It protects you from negative energy.
   SH:        It affects your SH (+5).
 C - a ring of wizardry (left hand)
   (You found it on level 6 of the Dungeon)
 E - a +4 ring of evasion (right hand)
   (You found it on level 7 of the Dungeon)
 H - a ring of flight
   (You found it on level 8 of the Dungeon)
 I - a +6 ring of strength
   (You took it off a wight on level 9 of the Dungeon)
Wands
 o - a wand of flame (50)
   (You found it on level 3 of the Dungeon)
 z - a wand of acid (4) (quivered)
   (You found it on level 6 of the Dungeon)
Scrolls
 b - 12 scrolls of teleportation {@r4}
 c - 2 scrolls of fear {unknown}
 e - a scroll of identify {@r1}
 j - 2 scrolls of brand weapon {unknown}
 u - a scroll of fog {unknown}
 y - 3 scrolls of enchant armour
 A - 2 scrolls of poison {!r}
 B - 2 scrolls of summoning {unknown}
 F - a scroll of blinking {unknown}
 G - a scroll of torment {unknown}
 J - a scroll of magic mapping {unknown}
Potions
 a - 2 potions of magic
 d - 3 potions of brilliance
 f - a potion of might
 h - 4 potions of resistance
 p - a potion of haste {@q3}
 s - 2 potions of mutation {!q}
 t - 2 potions of curing {@q1}
 x - a potion of attraction {!q}
 K - a potion of ambrosia


   Skills:
 + Level 3.5 Fighting
 + Level 4.6 Polearms
 - Level 4.0 Dodging
 + Level 4.4 Stealth
 + Level 7.3 Shields
 - Level 4.1 Spellcasting
 * Level 7.6 Conjurations
 * Level 3.2 Hexes
 * Level 5.3 Translocations


You had 9 spell levels left.
You knew the following spells:

 Your Spells              Type           Power      Damage    Failure   Level
a - Magic Dart            Conj           100%       1d8       1%          1
b - Searing Ray           Conj           72%        2d7       1%          2
c - Iskenderun's Mystic   Conj/Tloc      31%        2d8       4%          4

Your spell library contained the following spells:

 Spells                   Type           Power      Damage    Failure   Level
 Dazzling Flash           Conj/Hex       54%        N/A       1%          3
 Mephitic Cloud           Conj/Pois/Air  15%        N/A       6%          3
 Fulminant Prism          Conj/Hex       13%        3d9       6%          4
 Inner Flame              Hex/Fire       11%        N/A       9%          3
 Cause Fear               Hex            8%         N/A       16%         4
 Ignite Poison            Fire/Tmut/Pois 4%         N/A       17%         3
 Freezing Cloud           Conj/Ice/Air   7%         6-21      45%         5
 Animate Dead             Necr           4%         N/A       47%         4
 Borgnjor's Vile Clutch   Necr/Erth      2%         N/A       82%         5
 Death Channel            Necr           2%         N/A       100%        6
 Discord                  Hex            8%         N/A       100%        8


Dungeon Overview and Level Annotations

Branches:
Dungeon (9/15)             Temple (1/1) D:7           Sewer (visited)
   Lair: D:8-11         Orc: D:9-12

Altars:
Ashenzari
Cheibriados
Dithmenos
Elyvilon
Fedhas
Gozag
Hepliaklqana
Kikubaaqudgha
Makhleb
Nemelex Xobeh
Okawaru
Qazlal
Ru
Sif Muna
Trog
Uskayaw
Vehumet
Wu Jian
Xom
Yredelemnul
Zin
The Shining One

Shops:
D:8 [?*((


Innate Abilities, Weirdness & Mutations

You can breathe bolts of dispelling energy.
Your rich purple scales are hard. (AC +7)
You cannot fit into any form of body armour.
You are cold-blooded and may be slowed by cold attacks.


Message History

The seven-headed hydra bites you but does no damage.
The seven-headed hydra bites you.
The seven-headed hydra bites you but does no damage.
Reach: L) +7 spear
Aim: a seven-headed hydra (lightly wounded, about 16% to evade your +7 spear)
You puncture the seven-headed hydra! The seven-headed hydra bites you.
* * * LOW HITPOINT WARNING * * *
The seven-headed hydra bites you but does no damage. x5
The seven-headed hydra bites you!
* * * LOW HITPOINT WARNING * * *
Reach: L) +7 spear
Aim: a seven-headed hydra (moderately wounded, about 16% to evade your +7 spear)
You hit the seven-headed hydra. The seven-headed hydra bites you.
* * * LOW HITPOINT WARNING * * *
The seven-headed hydra bites you but does no damage. x2
You block the seven-headed hydra's attack. x2
The seven-headed hydra bites you but does no damage. x2
Reach: L) +7 spear
Aim: a seven-headed hydra (moderately wounded, about 16% to evade your +7 spear)
You hit the seven-headed hydra.
The seven-headed hydra bites you but does no damage. x3
You block the seven-headed hydra's attack.
The seven-headed hydra bites you but does no damage. x2
The seven-headed hydra completely misses you.
Reach: L) +7 spear
Aim: a seven-headed hydra (moderately wounded, about 16% to evade your +7 spear)
You barely miss the seven-headed hydra. The seven-headed hydra bites you.
* * * LOW HITPOINT WARNING * * *
You block the seven-headed hydra's attack.
The seven-headed hydra bites you but does no damage. x4
The seven-headed hydra bites you.
* * * LOW HITPOINT WARNING * * *
You feel much better.
The seven-headed hydra bites you but does no damage.
You block the seven-headed hydra's attack.
The seven-headed hydra bites you but does no damage.
You block the seven-headed hydra's attack.
The seven-headed hydra bites you but does no damage. x2
You block the seven-headed hydra's attack.
Aim: a seven-headed hydra (moderately wounded, 90% to hit)
The bolt of acid hits the seven-headed hydra!
The seven-headed hydra bites you but does no damage.
You block the seven-headed hydra's attack.
The seven-headed hydra bites you.
* * * LOW HITPOINT WARNING * * *
The seven-headed hydra bites you but does no damage. x2
The seven-headed hydra bites you.
* * * LOW HITPOINT WARNING * * *
The seven-headed hydra bites you but does no damage.
You erupt in a blast of force!
The mystic blast hits the seven-headed hydra!
The seven-headed hydra bites you but does no damage. x2
The seven-headed hydra barely misses you.
The seven-headed hydra bites you but does no damage.
The seven-headed hydra bites you.
* * * LOW HITPOINT WARNING * * *
The seven-headed hydra bites you but does no damage. x2
You erupt in a blast of force!
The mystic blast hits the seven-headed hydra!
The seven-headed hydra is knocked back by the mystic blast.
Aim: a seven-headed hydra (severely wounded, 93% to hit)
The searing ray hits the seven-headed hydra! (Press . to maintain the ray.)
The searing ray hits the seven-headed hydra.
The searing ray hits the seven-headed hydra!
You kill the seven-headed hydra!
Training target 4.0 for Dodging reached!
Your Dodging skill increases to level 4!
Your Hexes skill increases to level 3!
Your transformation is almost over.
You have got your breath back.
You feel less wooden.
Your +0 cloak unmelds from your body.
The +1 pair of gloves of the Solstice {rN+} unmelds from your body.
You see here a hydra corpse.
You now have 232 gold pieces (gained 5).
Could not explore, unopened door.
Could not explore, unopened door.
You open the door.
There is an open door here.
A yak comes into view.
A yak is nearby!
A yak is nearby! 3 yaks come into view.
The yak bellows! x4
A manticore comes into view.
Found a stone staircase leading down.
You barely miss the yak. The yak gores you but does no damage.
You puncture the yak! You block the yak's attack.
The manticore flicks its tail.
The volley of spikes hits you!
The barbed spikes become lodged in your body.
The barbs in your skin will harm you if you move.
Continue? [Y]es or [N]o only, please.
The barbs in your skin will harm you if you move.
Continue?
Okay, then.
Unknown command.
You erupt in a blast of force!
The mystic blast hits the yak.
The yak is knocked back by the mystic blast.
The mystic blast hits the yak.
The yak is knocked back by the mystic blast.
The yak collides with the yak!
The mystic blast hits the yak!
The yak is knocked back by the mystic blast.
The yak collides with the yak!
You erupt in a blast of force!
The mystic blast hits the yak!
The yak is knocked back by the mystic blast.
The mystic blast hits the yak.
The yak is knocked back by the mystic blast.
You erupt in a blast of force!
The mystic blast hits the yak!
The yak is knocked back by the mystic blast.
The mystic blast hits the yak.
The yak is knocked back by the mystic blast.
The mystic blast hits the yak.
The yak is knocked back by the mystic blast.
The manticore flicks its tail.
The volley of spikes misses you.
Okay, then.
The barbs in your skin will harm you if you move.
Continue?
The barbed spikes dig painfully into your body as you move.
The manticore flicks its tail.
The volley of spikes hits you.
The barbed spikes become lodged in your body.
The barbed spikes dig painfully into your body as you move.
The barbed spikes dig painfully into your body as you move.
The barbed spikes dig painfully into your body as you move.
The barbed spikes dig painfully into your body as you move.
* * * LOW HITPOINT WARNING * * *
The barbed spikes dig painfully into your body as you move.
* * * LOW HITPOINT WARNING * * *
The barbed spikes dig painfully into your body as you move.
* * * LOW HITPOINT WARNING * * *
The barbed spikes dig painfully into your body as you move.
* * * LOW HITPOINT WARNING * * *
The barbed spikes dig painfully into your body as you move.
* * * LOW HITPOINT WARNING * * *
The barbed spikes dig painfully into your body as you move.
* * * LOW HITPOINT WARNING * * *
The barbed spikes dig painfully into your body as you move.
* * * LOW HITPOINT WARNING * * *
The barbed spikes dig painfully into your body as you move.
* * * LOW HITPOINT WARNING * * *
The barbed spikes dig painfully into your body as you move.
* * * LOW HITPOINT WARNING * * *
Okay, then.
You erupt in a blast of force!
The mystic blast hits the yak!
The yak is knocked back by the mystic blast.
You carefully extract the barbed spikes from your body.
You puncture the yak! The yak gores you but does no damage.
You hit the yak. The yak gores you.
You die...

..#..........##...).#.#
..#..........######)#.## #
..#..........#...).....#.#
###..........#.###.#.......
#............#.##..........
#.........<..#.##...)......
#.....######.#......###....
#.....# #.....#..# ....
#.....# #####@#..# ...
#.....# #Y#..# ..
################Y#...
#........HY##+#####
#...Y....Y........#
#......H..........+
#######.................#
........#'##...#รท#.......#
........#.##...#.....#.###


You could see a manticore and 4 yaks.

Vanquished Creatures
  A hydra (D:9)
  Joseph (D:7)
  A wyvern (D:8)
  A steam dragon (D:8)
  A black bear (D:8)
  3 ice beasts
  A sky beast (D:7)
  2 ogres
  4 centaurs
  3 kobold brigands
  5 bullfrogs (D:7)
  6 scorpions
  5 wights (D:9)
  A howler monkey (D:4)
  2 hounds
  3 iguanas
  5 orc wizards
  Robin (D:2)
  7 gnolls
  2 adders (D:4)
  6 river rats
  An ufetubus (D:5)
  2 worms
  2 dart slugs
  15 orcs
  5 endoplasms
  A giant cockroach (D:2)
  12 goblins
  10 hobgoblins
  4 jackals
  7 quokkas
  10 ball pythons
  3 bats
  4 frilled lizards
  27 kobolds
  26 rats
  A bush (D:8)
191 creatures vanquished.

Vanquished Creatures (others)
  20 plants
20 creatures vanquished.

Grand Total: 211 creatures vanquished

Notes
Turn   | Place    | Note
-------+----------+-------------------------------------------
     0 | D:1      | CryoSword the Draconian Conjurer began the quest for the
                  | Orb.
     0 | D:1      | Reached XP level 1. HP: 14/14 MP: 3/3
   347 | D:1      | Reached XP level 2. HP: 19/20 MP: 0/5
  1248 | D:1      | Found a faded altar of an unknown god.
  1524 | D:2      | Reached skill level 5 in Conjurations
  1551 | D:2      | Learned a level 2 spell: Searing Ray
  1559 | D:2      | Reached XP level 3. HP: 26/26 MP: 3/6
  1822 | D:2      | Found a snail-covered altar of Cheibriados.
  2157 | D:2      | Noticed Robin
  2858 | D:2      | Killed Robin
  3032 | D:3      | Reached XP level 4. HP: 33/33 MP: 3/7
  3247 | D:3      | Identified the amulet "Hemug" {Reflect rN+ Dex+4 SH+5}
  4240 | D:4      | Reached skill level 1 in Shields
  4240 | D:4      | Reached XP level 5. HP: 33/38 MP: 2/8
  4375 | D:4      | Reached skill level 1 in Translocations
  4771 | D:4      | Noticed a black bear
  5375 | D:5      | Entered Level 5 of the Dungeon
  5644 | D:5      | Reached XP level 6. HP: 40/45 MP: 2/9
  5940 | D:5      | Found a glowing drain.
  5949 | Sewer    | Entered a sewer
  6508 | Sewer    | Your scales start taking on a rich purple colour.
  6508 | Sewer    | Reached XP level 7. HP: 28/50 MP: 3/10
  7231 | D:5      | Reached skill level 5 in Shields
  7437 | D:5      | Reached skill level 1 in Polearms
  7815 | D:6      | Reached skill level 1 in Fighting
  7970 | D:6      | Found a burning altar of Makhleb.
  8248 | D:6      | Reached XP level 8. HP: 36/59 MP: 7/12
  8436 | D:6      | Identified a scroll of acquirement
  8437 | D:6      | Acquired the +1 pair of gloves of the Solstice {rN+}
  8746 | D:7      | Learned a level 4 spell: Iskenderun's Mystic Blast
  9125 | D:7      | Noticed Joseph
  9262 | D:7      | Killed Joseph
  9265 | D:7      | Reached XP level 9. HP: 43/68 MP: 4/15
  9885 | D:7      | Found a staircase to the Ecumenical Temple.
  9892 | Temple   | Entered the Ecumenical Temple
 10042 | D:8      | Reached skill level 1 in Hexes
 10149 | D:8      | Found Coxix's Antique Armour Shoppe.
 10227 | D:8      | Found an opulent altar of Gozag.
 10229 | D:8      | Found a broken altar of Ashenzari.
 10231 | D:8      | Found a bloodstained altar of Trog.
 10478 | D:8      | Became a worshipper of Ashenzari the Shackled
 10494 | D:8      | Found Oxisois's Elemental Accessories.
 10502 | D:8      | Found Meboyps's Antique Weapon Emporium.
 10586 | D:8      | Found Ulupybb's Weapon Boutique.
 10724 | D:8      | Found a shadowy altar of Dithmenos.
 10730 | D:8      | Found a blossoming altar of Fedhas.
 11078 | D:8      | Found Gitoef's Magic Scroll Emporium.
 11082 | D:8      | Bought a scroll of noise for 12 gold pieces
 11082 | D:8      | Bought a scroll of enchant armour for 90 gold pieces
 11082 | D:8      | Bought a scroll of teleportation for 36 gold pieces
 11082 | D:8      | Bought a scroll of identify for 24 gold pieces
 11082 | D:8      | Bought a scroll of teleportation for 36 gold pieces
 11082 | D:8      | Bought a scroll of teleportation for 36 gold pieces
 11082 | D:8      | Bought a scroll of identify for 24 gold pieces
 11082 | D:8      | Bought a scroll of identify for 24 gold pieces
 11082 | D:8      | Bought a scroll of identify for 24 gold pieces
 11203 | D:8      | Identified the +10 crystal plate armour of the Pink Corner
                  | {Str+4 Int+6}
 11580 | D:9      | Reached skill level 5 in Translocations
 11866 | D:9      | Noticed a seven-headed hydra
 11882 | D:9      | Killed a seven-headed hydra
 12105 | D:9      | Noticed a manticore
 12123 | D:9      | HP: 2/70 [barbs]
 12127 | D:9      | Slain by a yak

Illustrated notes

Levels and vault maps discovered:
D:1:      minmay_arrival_shattered_statue, layout_loops_ring, serial_bayou,
          serial_bayou_pond_e, serial_bayou_shore_b, serial_bayou_lake_a,
          serial_bayou_pond_a, serial_bayou_shore_b, serial_bayou_pond_d,
          chequers_ecumenical_altar_grove
D:2:      layout_rooms, basic_altar, dreamdust_wishing_well, uniq_robin
D:3:      layout_loops_corners
D:4:      layout_gridville
D:5:      layout_gridville, portal_sewer_entry_e
D:6:      layout_basic, bloody_makhleb, supply_closet_lemuel
D:7:      layout_basic, temple_fountains, minmay_manual_macuahuitl, uniq_joseph
D:8:      layout_rooms, gammafunk_temple_overflow_forgotten,
          mainiacjoe_overflow_large_starburst, serial_shops, kennysheep_mini,
          nicolae_take_the_stairs, nicolae_shop_statue_plus,
          nicolae_shop_statue_plus, nicolae_elemental_shop
D:9:      layout_basic
Temple:   lightli_temple_of_artemis

Skill      XL: |  1  2  3  4  5  6  7  8  9 |
---------------+----------------------------+-----
Conjurations   | 5 6 7 |  7.6
Shields        | 1 3 4 5 6 7 |  7.3
Translocations | 1 3 4 5 |  5.3
Polearms       | 2 3 4 |  4.6
Dodging        | 2 3 4 |  4.0
Stealth        | 2 3 4 |  4.4
Fighting       | 1 2 3 |  3.5
Spellcasting   | 3 4 |  4.1
Hexes          | 3 |  3.2

Action                   |  1- 3 |  4- 6 |  7- 9 || total
-------------------------+-------+-------+-------++-------
Melee: Unarmed           |     5 |       |       ||     5
       Club              |    17 |       |       ||    17
       Tailslap          |     2 |     7 |    50 ||    59
       Spear             |       |   116 |   258 ||   374
 Cast: Magic Dart        |    49 |       |     7 ||    56
       Searing Ray       |    21 |    43 |    43 ||   107
       Iskenderun's Myst |       |       |     7 ||     7
 Abil: Breathe Dispellin |       |       |    10 ||    10
Evoke: Wand              |       |       |     1 ||     1
  Use: Scroll            |     3 |     2 |     8 ||    13
       Potion            |       |     6 |     4 ||    10
 Stab: Sleeping          |       |     5 |     6 ||    11
       Invisible         |       |     1 |       ||     1
Armor: Skin              |    24 |    47 |    85 ||   156
Dodge: Dodged            |    39 |    55 |    91 ||   185
Block: Buckler           |       |    92 |   101 ||   193
       Reflection        |       |     3 |    11 ||    14

Table legend: (Time is in decaauts)
 A = Elapsed time spent in this place.
 B = Non-inter-level travel time spent in this place.
 C = Inter-level travel time spent in this place.
 D = Time resting spent in this place.
 E = Time spent auto-exploring this place.
 F = Levels seen in this place.
 G = Mean time per level.
                   A        B        C        D        E       F      G
               +--------+--------+--------+--------+--------+-----+--------+
         Total |  12192 |  11834 |    358 |   1459 |   8187 |  11 | 1108.4 |
       Dungeon |  10825 |  10484 |    341 |   1234 |   7341 |   9 | 1202.8 |
        Temple |    106 |     89 |     17 |      0 |     83 |   1 |  106.0 |
         Sewer |   1260 |   1260 |      0 |    225 |    763 |   1 | 1260.0 |
               +--------+--------+--------+--------+--------+-----+--------+

Top non-repeatable levels by time:
     D:1: 1865 daAuts
     D:8: 1409 daAuts
     D:5: 1339 daAuts
   Sewer: 1260 daAuts
     D:3: 1235 daAuts
     D:7: 1204 daAuts
     D:4: 1186 daAuts
     D:2: 1150 daAuts
     D:6: 762 daAuts
     D:9: 673 daAuts
  Temple: 106 daAuts
